 Dungeon Crawl Stone Soup version 0.25-a0-578-gc91f01c (webtiles) character file.

Game seed: 10161420386106910338, levelgen mode: deterministic

12062 Faca the Carver (level 11, -16/86 HPs)
             Began as a Gnoll Wanderer on Mar 5, 2020.
             Was a Believer of Uskayaw.
             Demolished by a two-headed ogre
             ... wielding a cursed -3 giant club
             ... summoned by an orange crystal statue
              (19 damage)
             ... on level 11 of the Dungeon.
             The game lasted 00:33:50 (14014 turns).

Faca the Carver (Gnoll Wanderer)                   Turns: 14014, Time: 00:33:50

Health: -16/86     AC: 18    Str: 18      XL:     11   Next: 87%
Magic:  6/21       EV:  9    Int: 14 (15) God:    Uskayaw [**....]
Gold:   642        SH:  0    Dex: 14      Spells: 24/24 levels left

rFire    . . .     SeeInvis .   a - +3 morningstar (freeze)
rCold    + . .     Gourm    .   J - +0 kite shield
rNeg     + . .     Faith    +   G - +0 chain mail
rPois    +         Spirit   .   e - +1 helmet
rElec    .         Reflect  .   m - +0 cloak
rCorr    .         Harm     .   C - +0 pair of gloves
MR       .....                  v - +2 pair of boots
Stlth    ..........             D - amulet of faith
HPRegen  0.24/turn              k - ring of poison resistance
MPRegen  0.17/turn              u - ring of the Final Lives {rC+ rN+ Stlth+}

@: confused
A: distributed training, fangs 1, strong nose
a: Stomp, Line Pass, Renounce Religion


You were on level 11 of the Dungeon.
You worshipped Uskayaw.
Uskayaw was noncommittal.
You were not hungry.

You visited 2 branches of the dungeon, and saw 12 of its levels.

You collected 642 gold pieces.

Inventory:

Hand Weapons
 a - a +3 morningstar of freezing (weapon)
 l - a +1 morningstar of holy wrath
 x - a +0 scimitar
Missiles
 H - 24 boomerangs (quivered)
Armour
 e - a +1 helmet (worn)
 m - a +0 cloak (worn)
 v - a +2 pair of boots (worn)
 C - a +0 pair of gloves (worn)
 G - a +0 chain mail (worn)
 J - a +0 kite shield (worn)
Jewellery
 k - a ring of poison resistance (left hand)
 u - the ring of the Final Lives (right hand) {rC+ rN+ Stlth+}
   (You acquired it on level 10 of the Dungeon)

   [ring of positive energy]

   It protects you from cold.
   It protects you from negative energy.
   It makes you more stealthy.
 D - an amulet of faith (around neck)
 K - an uncursed ring of flight
Wands
 d - a wand of iceblast (7)
 q - a wand of acid (7)
 r - a wand of random effects (48)
 E - a wand of enslavement (6)
Scrolls
 b - 4 scrolls of teleportation
 h - 5 scrolls of remove curse
 j - a scroll of magic mapping
 y - 5 scrolls of fear
 B - a scroll of enchant armour
 F - 2 scrolls of immolation
Potions
 c - 7 potions of curing
 g - a potion of might
 n - a potion of mutation
 o - 2 potions of ambrosia
 p - 4 potions of haste
 s - 2 potions of berserk rage
 t - 2 potions of lignification
 w - 3 potions of flight
 z - a potion of cancellation
 I - 2 potions of brilliance {unknown}
 L - a potion of stabbing {unknown}
 M - a potion of heal wounds
Comestibles
 f - 24 rations


   Skills:
 + Level 8.1 Fighting
 + Level 6.6 Short Blades
 + Level 8.1 Long Blades
 + Level 6.6 Axes
 + Level 6.6 Maces & Flails
 + Level 6.6 Polearms
 + Level 6.6 Staves
 + Level 6.6 Slings
 + Level 6.6 Bows
 + Level 6.6 Crossbows
 + Level 7.1 Throwing
 + Level 6.6 Armour
 + Level 7.1 Dodging
 + Level 7.0 Stealth
 + Level 6.6 Shields
 + Level 6.6 Unarmed Combat
 + Level 7.2 Spellcasting
 + Level 5.4 Conjurations
 + Level 5.4 Hexes
 + Level 5.4 Charms
 + Level 5.4 Summonings
 + Level 5.4 Necromancy
 + Level 5.4 Translocations
 + Level 5.4 Transmutations
 + Level 5.4 Fire Magic
 + Level 5.4 Ice Magic
 + Level 5.9 Air Magic
 + Level 5.9 Earth Magic
 + Level 5.4 Poison Magic
 + Level 7.2 Invocations
 + Level 6.6 Evocations


You had 24 spell levels left.
You didn't know any spells.
Your spell library contained the following spells:

 Spells                   Type           Power        Failure   Level  Hunger
 Animate Skeleton         Necr           N/A          43%         1    None
 Magic Dart               Conj           ###.         43%         1    None
 Pain                     Necr           ###.         43%         1    None
 Blink                    Tloc           N/A          56%         2    None
 Call Imp                 Summ           ###.....     56%         2    None
 Slow                     Hex            ###.....     56%         2    None
 Mephitic Cloud           Conj/Pois/Air  ###.....     78%         3    ##.....
 Conjure Flame            Conj/Fire      ###.....     80%         3    ##.....
 Vampiric Draining        Necr           ###.......   80%         3    ##.....
 Animate Dead             Necr           N/A          99%         4    ####...
 Agony                    Necr           ###.....     100%        5    #####..
 Bolt of Magma            Conj/Fire/Erth ###.......   100%        5    #####..
 Iskenderun's Battlesphe  Conj/Chrm      ###.....     100%        5    #####..
 Iron Shot                Conj/Erth      ###.......   100%        6    #######
 Orb of Destruction       Conj           ###.......   100%        7    #######
 Spellforged Servitor     Conj/Summ      ###.......   100%        7    #######


Dungeon Overview and Level Annotations

Branches:
Dungeon (11/15)            Temple (1/1) D:5            Lair (0/6) D:10
    Orc (0/2) D:9

Altars:
Ashenzari
Cheibriados
Dithmenos
Elyvilon
Fedhas
Gozag
Hepliaklqana
Kikubaaqudgha
Makhleb
Nemelex Xobeh
Okawaru
Qazlal
Ru
Sif Muna
Trog
Uskayaw
Vehumet
Wu Jian
Xom
Yredelemnul
Zin
The Shining One

Annotations:
D:11 exclusions: obsidian statue and orange crystal statue


Innate Abilities, Weirdness & Mutations

Your experience applies equally to all skills.
You have very sharp teeth.
Your uncanny sense of smell can sniff out nearby items.


Message History

You are confused.
The two-headed ogre hits you but does no damage.
The two-headed ogre barely misses you.
The acid dragon bites you but does no damage.
The acid dragon barely misses you.
The orange crystal statue fixes its piercing gaze on you.
You feel your power leaking away.
You see here a wand of polymorph (10).
You closely miss the two-headed ogre. The acid dragon bites you.
* * * LOW HITPOINT WARNING * * *
The acid dragon closely misses you.
The two-headed ogre completely misses you.
The two-headed ogre hits you with a +0 giant spiked club!
* * * LOW HITPOINT WARNING * * *
You puncture the two-headed ogre! You freeze the two-headed ogre.
You bite the two-headed ogre, but do no damage.
The two-headed ogre is moderately wounded.
The acid dragon closely misses you. x2
The two-headed ogre hits you with a cursed -3 giant club!!
You die...

#.# #..#
#..##........(.. #.#
#..# #..).......####.
#.# #..# #..........# #.
#.# #..# #)##)......# #.
#.# #..# #.##.......# #.
#.# #..###.##.......# #.
#.####...#..##.......#
#.
#.......###.##.......#
#.
#......##@####.......#
#.
#.....##.DO###.......#
#.
#####.#(.8l.##.......#
#. #..##.....#.>.....#
#. #...##............#
#. #....##.......#...#
#. ##.....##......#...#
#.
#.......##.....#...####.
#..#.....##....#........


You could see an orange crystal statue, a two-headed ogre, an acid dragon and an
iguana.

Vanquished Creatures
  A hydra (D:9)
  An unseen horror (D:11)
  3 skeletal warriors (D:11)
  2 trolls
  Grinder (D:4)
  A hippogriff (D:11)
  Sigmund (D:2)
  A spriggan (D:7)
  9 yaks
  A wraith (D:10)
  A wyvern (D:9)
  2 hungry ghosts
  An acid dragon (D:10)
  Duvessa (D:5)
  2 orc warriors
  2 sky beasts
  5 ogres
  A phantom (D:7)
  13 ice beasts
  A crocodile (D:11)
  7 centaurs
  2 bullfrogs
  2 big kobolds
  A gnoll sergeant (D:9)
  Dowan (D:5)
  4 scorpions
  3 killer bees (D:9)
  8 wights
  6 electric eels (D:9)
  3 howler monkeys (D:10)
  4 crimson imps
  3 jellies
  2 centaur zombies (D:10)
  5 orc priests
  5 hounds
  7 orc wizards
  3 bullfrog skeletons
  5 iguanas
  8 worker ants
  Natasha (twice) (D:3)
  A killer bee zombie (D:8)
  2 hound zombies
  9 adders
  12 gnolls
  A shadow imp (D:11)
  3 oozes
  An adder zombie (D:8)
  An adder skeleton (D:4)
  A worm (D:3)
  A dart slug (D:1)
  7 leopard geckos
  50 orcs
  15 bats
  5 giant cockroaches
  9 goblins
  4 hobgoblins
  10 jackals
  4 quokkas
  4 ball pythons
  2 frilled lizards
  25 kobolds
  2 leopard gecko skeletons (D:5)
  10 rats
310 creatures vanquished.

Vanquished Creatures (others)
  A bush (D:1)
  A plant (D:1)
2 creatures vanquished.

Grand Total: 312 creatures vanquished

Notes
Turn   | Place    | Note
-------+----------+-------------------------------------------
     0 | D:1      | Faca the Gnoll Wanderer began the quest for the Orb.
     0 | D:1      | Faca set off with the following items: a +2 falchion, a
                  | scroll of teleportation, a potion of curing, a +0 robe, a
                  | ration
     0 | D:1      | Reached XP level 1. HP: 20/20 MP: 4/4
   276 | D:1      | Reached XP level 2. HP: 26/26 MP: 5/5
   870 | D:1      | Reached XP level 3. HP: 26/31 MP: 7/7
  1328 | D:2      | Reached skill level 1 in Invocations
  1391 | D:2      | Reached skill level 1 in Short Blades
  1391 | D:2      | Reached skill level 1 in Axes
  1391 | D:2      | Reached skill level 1 in Maces & Flails
  1391 | D:2      | Reached skill level 1 in Polearms
  1391 | D:2      | Reached skill level 1 in Staves
  1391 | D:2      | Reached skill level 1 in Slings
  1391 | D:2      | Reached skill level 1 in Bows
  1391 | D:2      | Reached skill level 1 in Crossbows
  1391 | D:2      | Reached skill level 1 in Armour
  1391 | D:2      | Reached skill level 1 in Shields
  1391 | D:2      | Reached skill level 1 in Unarmed Combat
  1391 | D:2      | Reached skill level 1 in Evocations
  1401 | D:2      | Noticed Sigmund
  1409 | D:2      | Killed Sigmund
  1409 | D:2      | Reached skill level 1 in Conjurations
  1409 | D:2      | Reached skill level 1 in Hexes
  1409 | D:2      | Reached skill level 1 in Charms
  1409 | D:2      | Reached skill level 1 in Summonings
  1409 | D:2      | Reached skill level 1 in Necromancy
  1409 | D:2      | Reached skill level 1 in Translocations
  1409 | D:2      | Reached skill level 1 in Transmutations
  1409 | D:2      | Reached skill level 1 in Fire Magic
  1409 | D:2      | Reached skill level 1 in Ice Magic
  1409 | D:2      | Reached skill level 1 in Poison Magic
  1409 | D:2      | Reached XP level 4. HP: 24/38 MP: 8/8
  1409 | D:2      | Reached XP level 5. HP: 28/43 MP: 9/9
  2070 | D:3      | Reached XP level 6. HP: 26/50 MP: 10/10
  2263 | D:3      | Noticed Natasha
  2271 | D:3      | Killed Natasha
  2331 | D:3      | Reached skill level 5 in Fighting
  2331 | D:3      | Reached skill level 5 in Long Blades
  2549 | D:3      | Noticed Natasha
  2561 | D:3      | Killed Natasha
  2933 | D:4      | Reached XP level 7. HP: 47/56 MP: 12/12
  3041 | D:4      | Noticed Grinder
  3044 | D:4      | Paralysed by Grinder for 6 turns
  3057 | D:4      | Paralysed by Grinder for 7 turns
  3102 | D:4      | Killed Grinder
  3771 | D:4      | Reached XP level 8. HP: 37/63 MP: 12/14
  4160 | D:5      | Entered Level 5 of the Dungeon
  4193 | D:5      | Found a staircase to the Ecumenical Temple.
  4211 | Temple   | Entered the Ecumenical Temple
  4321 | Temple   | Became a worshipper of Uskayaw the Reveler
  4376 | D:5      | Reached * piety under Uskayaw
  4399 | D:5      | Noticed Duvessa
  4400 | D:5      | Found a glowing golden altar of the Shining One.
  4400 | D:5      | Noticed Dowan
  4418 | D:5      | Reached ** piety under Uskayaw
  4433 | D:5      | Reached *** piety under Uskayaw
  4436 | D:5      | Killed Duvessa
  4441 | D:5      | Killed Dowan
  4441 | D:5      | Reached **** piety under Uskayaw
  5268 | D:6      | Noticed a yak
  5268 | D:6      | Noticed a yak
  5293 | D:6      | Killed a yak
  5430 | D:6      | Noticed a yak
  5449 | D:6      | Noticed a yak
  5466 | D:6      | Killed a yak
  5593 | D:6      | Noticed a yak
  5595 | D:6      | Noticed a yak
  5616 | D:6      | Killed a yak
  5616 | D:6      | Reached XP level 9. HP: 44/69 MP: 14/16
  5796 | D:6      | Reached ***** piety under Uskayaw
  5800 | D:6      | Reached skill level 5 in Spellcasting
  5932 | D:6      | You fall into a shaft and drop 1 floor!
  6023 | D:7      | Reached skill level 5 in Throwing
  6023 | D:7      | Reached skill level 5 in Dodging
  6339 | D:7      | Reached skill level 5 in Stealth
  6473 | D:7      | Found a shadowy altar of Dithmenos.
  6765 | D:7      | Reached skill level 5 in Invocations
  7363 | D:7      | Noticed a troll
  7385 | D:7      | Killed a troll
  7385 | D:7      | Reached XP level 10. HP: 46/77 MP: 18/18
  8168 | D:7      | Reached skill level 5 in Short Blades
  8168 | D:7      | Reached skill level 5 in Axes
  8168 | D:7      | Reached skill level 5 in Maces & Flails
  8168 | D:7      | Reached skill level 5 in Polearms
  8168 | D:7      | Reached skill level 5 in Staves
  8168 | D:7      | Reached skill level 5 in Slings
  8168 | D:7      | Reached skill level 5 in Bows
  8168 | D:7      | Reached skill level 5 in Crossbows
  8168 | D:7      | Reached skill level 5 in Armour
  8168 | D:7      | Reached skill level 5 in Shields
  8168 | D:7      | Reached skill level 5 in Unarmed Combat
  8168 | D:7      | Reached skill level 5 in Evocations
  8584 | D:8      | Noticed a six-headed hydra
 10136 | D:9      | Reached skill level 5 in Air Magic
 10136 | D:9      | Reached skill level 5 in Earth Magic
 10249 | D:9      | Found a staircase to the Orcish Mines.
 11126 | D:9      | Killed a six-headed hydra
 11126 | D:9      | Reached XP level 11. HP: 75/84 MP: 20/20
 11332 | D:10     | Entered Level 10 of the Dungeon
 11575 | D:10     | Reached skill level 5 in Conjurations
 11575 | D:10     | Reached skill level 5 in Hexes
 11575 | D:10     | Reached skill level 5 in Charms
 11575 | D:10     | Reached skill level 5 in Summonings
 11575 | D:10     | Reached skill level 5 in Necromancy
 11575 | D:10     | Reached skill level 5 in Translocations
 11575 | D:10     | Reached skill level 5 in Transmutations
 11575 | D:10     | Reached skill level 5 in Fire Magic
 11575 | D:10     | Reached skill level 5 in Ice Magic
 11575 | D:10     | Reached skill level 5 in Poison Magic
 11665 | D:10     | Found a staircase to the Lair.
 11936 | D:10     | Identified a scroll of acquirement
 11936 | D:10     | Identified the ring of the Final Lives {rC+ rN+ Stlth+}
                  | (You acquired it on level 10 of the Dungeon)
 11962 | D:11     | Noticed a skeletal warrior
 11979 | D:11     | Killed a skeletal warrior
 12069 | D:11     | Noticed a skeletal warrior
 12148 | D:11     | Killed an unseen horror
 12438 | D:11     | Killed a skeletal warrior
 12644 | D:11     | Noticed a skeletal warrior
 12958 | D:11     | Killed a skeletal warrior
 12972 | D:11     | Noticed an orange crystal statue
 13507 | D:11     | Noticed an obsidian statue
 13627 | D:11     | Got a transparent mace
 13930 | D:11     | Identified the cursed +0 mace "Roxzadim" {antimagic, rN+}
                  | (You found it on level 11 of the Dungeon)
 14006 | D:11     | Noticed a two-headed ogre
 14013 | D:11     | HP: 3/86 [two-headed ogre/cursed -3 giant club[an orange
                  | crystal statue] (12)]
 14014 | D:11     | Demolished by a two-headed ogre

Levels and vault maps discovered:
D:1:      onia_arrival_pentagram, layout_basic, lexackson_kobold_supper
D:2:      layout_loops_ring, uniq_sigmund
D:3:      layout_basic, first_ration, uniq_natasha
D:4:      cheibrodos_old_hovel, layout_basic, kennysheep_minor_cross,
          uniq_grinder
D:5:      layout_loops_cross, old_standard_altar,
          minmay_temple_entry_stoned_glass, uniq_duvessa
D:6:      layout_basic
D:7:      layout_loops_ring, the_bakery, grunt_dithmenos_smoke_and_mirrors
D:8:      layout_gridville
D:9:      minmay_twisted_water, layout_basic
D:10:     layout_rooms, lair_entry_dummy
D:11:     minmay_separated_statues, layout_long_grid
Temple:   kilobyte_greek_temple

Skill      XL: |  1  2  3  4  5  6  7  8  9 10 11 |
---------------+----------------------------------+-----
Air Magic      | 2 3 4 5 |  5.9
Earth Magic    | 2 3 4 5 |  5.9
Invocations    | 1 2 3 4 5 6 7 |  7.2
Short Blades   | 1 2 3 4 5 6 |  6.6
Axes           | 1 2 3 4 5 6 |  6.6
Maces & Flails | 1 2 3 4 5 6 |  6.6
Polearms       | 1 2 3 4 5 6 |  6.6
Staves         | 1 2 3 4 5 6 |  6.6
Slings         | 1 2 3 4 5 6 |  6.6
Bows           | 1 2 3 4 5 6 |  6.6
Crossbows      | 1 2 3 4 5 6 |  6.6
Armour         | 1 2 3 4 5 6 |  6.6
Shields        | 1 2 3 4 5 6 |  6.6
Unarmed Combat | 1 2 3 4 5 6 |  6.6
Evocations     | 1 2 3 4 5 6 |  6.6
Throwing       | 3 4 5 6 7 |  7.1
Dodging        | 3 4 5 6 7 |  7.1
Spellcasting   | 3 4 5 6 7 |  7.2
Conjurations   | 1 2 3 4 5 |  5.4
Hexes          | 1 2 3 4 5 |  5.4
Charms         | 1 2 3 4 5 |  5.4
Summonings     | 1 2 3 4 5 |  5.4
Necromancy     | 1 2 3 4 5 |  5.4
Translocations | 1 2 3 4 5 |  5.4
Transmutations | 1 2 3 4 5 |  5.4
Fire Magic     | 1 2 3 4 5 |  5.4
Ice Magic      | 1 2 3 4 5 |  5.4
Poison Magic   | 1 2 3 4 5 |  5.4
Stealth        | 3 4 5 6 7 |  7.0
Fighting       | 5 6 7 8 |  8.1
Long Blades    | 5 6 7 8 |  8.1

Action                   |  1- 3 |  4- 6 |  7- 9 | 10-12 || total
-------------------------+-------+-------+-------+-------++-------
Melee: Falchion          |   136 |   148 |   474 |   115 ||   873
       Bite              |    14 |    23 |    75 |    68 ||   180
       Punch             |       |     1 |    13 |     6 ||    20
       Short sword       |       |       |    16 |     4 ||    20
       Morningstar       |       |       |       |   334 ||   334
       Scimitar          |       |       |       |    96 ||    96
       Whip              |       |       |       |    27 ||    27
Throw: Boomerang         |       |       |       |    11 ||    11
Evoke: Wand              |       |       |       |    11 ||    11
  Use: Scroll            |       |     6 |     9 |    11 ||    26
       Potion            |       |       |     1 |       ||     1
 Stab: Sleeping          |     5 |     6 |     1 |       ||    12
       Paralysed         |       |       |    20 |    26 ||    46
  Eat: Chunk             |     2 |     5 |    15 |    15 ||    37
       Ration            |       |       |       |     4 ||     4
Armor: Robe              |    17 |       |       |       ||    17
       Ring mail         |    12 |    52 |   116 |       ||   180
       Chain mail        |       |       |   105 |   373 ||   478
Dodge: Dodged            |    57 |    79 |   280 |   280 ||   696
Block: Kite shield       |       |       |       |   133 ||   133
       Rpst.: Falchion   |    17 |    20 |    86 |    16 ||   139
       Scimitar          |       |       |       |    18 ||    18

Table legend:
 A = Non-vault XP
 B = Vault XP
 C = Vault XP percentage of total XP
 D = Non-vault monster count
 E = Vault monster count
 F = Vault count percentage of total count
                 A         B        C        D         E       F
            +---------+---------+-------+---------+---------+-------
      Total |   14694 |    2538 |  14.7 |     284 |      26 |   8.4
            +---------+---------+-------+---------+---------+-------
        D:1 |      34 |      15 |  30.6 |      19 |       8 |  29.6
        D:2 |      38 |     220 |  85.3 |      19 |       1 |   5.0
        D:3 |     170 |      35 |  17.1 |      30 |       1 |   3.2
        D:4 |     367 |     411 |  52.8 |      24 |       2 |   7.7
        D:5 |     266 |     210 |  44.1 |       9 |       2 |  18.2
        D:6 |    1497 |       0 |   0.0 |      25 |       0 |   0.0
        D:7 |    2097 |     220 |   9.5 |      46 |       1 |   2.1
        D:8 |     844 |     127 |  13.1 |      31 |       1 |   3.1
        D:9 |    2390 |    1300 |  35.2 |      34 |      10 |  22.7
       D:10 |    2417 |       0 |   0.0 |      25 |       0 |   0.0
       D:11 |    4574 |       0 |   0.0 |      22 |       0 |   0.0
            +---------+---------+-------+---------+---------+-------
